 Dungeon Crawl Stone Soup version 0.17.0-28-g6e173f8 (webtiles) character file.

2192 sugabear the Sneak (level 9, -4/46 HPs)
             Began as a Vine Stalker Gladiator on Nov 25, 2015.
             Slain by a killer bee (6 damage)
             ... on level 7 of the Dungeon.
             The game lasted 00:13:52 (6304 turns).

sugabear the Sneak (Vine Stalker Gladiator)         Turns: 6304, Time: 00:13:52

Health: -4/46      AC: 15    Str: 17    XL:     9   Next: 33%
Magic:  0/10       EV: 15    Int:  5    God:
Gold:   89         SH:  0    Dex: 19    Spells: 0 memorised, 8 levels left

rFire  + . .     SeeInvis .     a - +0 rapier
rCold  . . .     Clarity  .     A - +4 ring mail of the Spider Nest {rPois rF+ MR++ Int-3}
rNeg   . . .     SustAt   .     (no shield)
rPois  +         Gourm    .     c - +0 helmet
rElec  .         Spirit   +     r - +2 cloak
rCorr  .         Warding  .     (no gloves)
rMut   .         Stasis   .     t - +2 pair of boots
MR     +++..                    (no amulet)
Stlth  +++.......               (no ring)
                                D - ring of poison resistance

@: lethally poisoned (-4 -> -5), extremely resistant to hostile enchantments,
fairly stealthy
A: fangs 3, rugged brown scales 1, deformed body, regeneration 2, spit poison 1,
magic shield, antimagic bite, no device heal 3, rot immunity
a: Spit Poison


You were on level 7 of the Dungeon.
You were not hungry.

You visited 2 branches of the dungeon, and saw 9 of its levels.

You collected 278 gold pieces.
You spent 189 gold pieces at shops.

Inventory:

Hand Weapons
 a - a +0 rapier (weapon)
Missiles
 d - 2 throwing nets (quivered)
Armour
 c - a +0 helmet (worn)
 r - a +2 cloak (worn)
 t - a +2 pair of boots (worn)
 A - the +4 ring mail of the Spider Nest (worn) {rPois rF+ MR++ Int-3}
   (You bought it in a shop on level 5 of the Dungeon)

   It affects your intelligence (-3).
   It protects you from fire.
   It protects you from poison.
   It affects your resistance to hostile enchantments.
Jewellery
 D - a ring of poison resistance (left hand)
Wands
 z - a wand of digging (8)
Scrolls
 f - 7 scrolls of blinking
 h - 4 scrolls of identify
 i - 3 scrolls of teleportation
 l - 4 scrolls of fog
 u - a scroll of magic mapping
 x - a scroll of enchant armour
 y - 3 scrolls of recharging {unknown}
 C - a scroll of random uselessness {unknown}
Potions
 g - 2 potions of lignification {unknown}
 j - 4 potions of curing
 k - 2 potions of agility {unknown}
 m - a potion of ambrosia {unknown}
 n - 2 potions of heal wounds {unknown}
 p - a potion of magic {unknown}
 q - a potion of flight {unknown}
 s - a potion of resistance {unknown}
 w - a potion of mutation {unknown}
 E - a potion of might {unknown}
Comestibles
 b - a beef jerky
 e - 3 bread rations
 o - 4 meat rations
 v - 3 fruits
 B - 3 chunks of flesh


   Skills:
 + Level 4.0 Fighting
 + Level 5.0 Short Blades
 + Level 2.1 Throwing
 + Level 3.5 Armour
 + Level 6.4 Dodging
 * Level 7.6 Stealth


You had 8 spell levels left.
You didn't know any spells.

Dungeon Overview and Level Annotations

Branches:
Dungeon (8/15)             Temple (1/1) D:5
   Lair: D:8-11

Altars:
Ashenzari
Cheibriados
Elyvilon
Fedhas
Gozag
Kikubaaqudgha
Makhleb
Nemelex Xobeh
Ru
Trog
Vehumet
Xom
Zin
The Shining One

Shops:
D:5 [


Innate Abilities, Weirdness & Mutations

You have razor-sharp teeth.
You heal very quickly.
When hurt, damage is shared between your health and your magic reserves.
Your bite disrupts and absorbs the magic of your enemies.
Potions and wands cannot restore your health.
You are immune to rotting.
You are partially covered in rugged brown scales (AC +1, +3% HP).
Armour fits poorly on your strangely shaped body.
You can spit weak poison.


Message History

The killer bee stings you.
* * * LOW HITPOINT WARNING * * *
The killer bee closely misses you. x2
The killer bee stings you.
* * * LOW HITPOINT WARNING * * *
You are poisoned.
The killer bee poisons you! The killer bee closely misses you.
You feel sick. The killer bee barely misses you.
The killer bee closely misses you.
The killer bee stings you but does no damage.
The killer bee barely misses you.
You feel sick. The killer bee misses you. The killer bee closely misses you.
The killer bee stings you but does no damage.
The killer bee closely misses you. The killer bee barely misses you.
The killer bee stings you but does no damage.
You feel sick.
The killer bee stings you but does no damage. x2
The killer bee stings you.
You feel sick. The killer bee stings you.
You die...

#....###########
#...#..#
#..#...##
#.#.....#
##.....y#
#....yy###
##....yy.#
#.#####y# #.# #@#
#.# #.# #.# #.#
#.# #.# #.#
#.###############
#.#
#...............#
#.#
###############.#
#..[..# #.#
#.###.###.#


You could see 4 killer bees.

Vanquished Creatures
  The ghost of sugabear the Sneak, a novice VSGl (D:5)
  Eustachio (D:4)
  The ghost of 2bobheros the Poker, an amateur MfSk (D:4)
  4 slaves (D:7)
  An ice beast (D:5)
  A phantom (D:6)
  2 sky beasts
  An ogre (D:6)
  A centaur (D:6)
  6 giant frogs (D:6)
  A scorpion (D:5)
  3 crimson imps
  Crazy Yiuf (D:2)
  An orc priest (D:5)
  A gnoll shaman (D:6)
  An orc wizard (D:5)
  Terence (D:3)
  8 worker ants
  A hound skeleton (D:6)
  A worker ant zombie (D:6)
  10 gnolls
  6 adders
  2 worms (D:3)
  An adder skeleton (D:4)
  4 giant geckos
  8 orcs
  5 goblins
  7 hobgoblins
  11 kobolds
  2 quokkas
  A ball python (D:6)
  3 bats
  4 giant cockroaches
  A giant cockroach zombie (D:6)
  2 giant newts
  A quokka skeleton (D:4)
  5 rats
  A fungus (D:2)
112 creatures vanquished.

Vanquished Creatures (others)
  A centaur skeleton (D:5)
1 creature vanquished.

Grand Total: 113 creatures vanquished

Notes
Turn   | Place    | Note
--------------------------------------------------------------
     0 | D:1      | sugabear the Vine Stalker Gladiator began the quest for the Orb.
     0 | D:1      | Reached XP level 1. HP: 11/11 MP: 2/2
     9 | D:1      | Reached XP level 2. HP: 8/15 MP: 3/3
   285 | D:1      | Reached skill level 3 in Short Blades
   285 | D:1      | Reached XP level 3. HP: 18/18 MP: 4/4
   470 | D:2      | Reached skill level 1 in Stealth
   530 | D:2      | Found a faded altar to an unknown god.
   574 | D:2      | Reached XP level 4. HP: 23/23 MP: 5/5
   881 | D:2      | Noticed Crazy Yiuf
   892 | D:2      | Killed Crazy Yiuf
  1183 | D:3      | Reached XP level 5. HP: 26/26 MP: 6/6
  1305 | D:3      | Noticed Terence
  1322 | D:3      | Killed Terence
  1415 | D:3      | Found a blossoming altar of Fedhas.
  1536 | D:3      | Found a snail-covered altar of Cheibriados.
  1630 | D:3      | Reached skill level 1 in Armour
  1736 | D:5      | Entered Level 5 of the Dungeon
  2264 | D:4      | Noticed 2bobheros's ghost (amateur MfSk)
  2435 | D:4      | Killed 2bobheros's ghost
  2435 | D:4      | Gained mutation: You heal very quickly. [Vine Stalker growth]
  2435 | D:4      | Reached XP level 6. HP: 19/31 MP: 7/7
  2658 | D:5      | Noticed Eustachio
  2835 | D:5      | Noticed an ice beast
  2886 | D:5      | Reached skill level 4 in Stealth
  2888 | D:5      | Killed an ice beast
  2888 | D:5      | Reached XP level 7. HP: 20/35 MP: 8/8
  2969 | D:5      | Noticed sugabear's ghost (novice VSGl)
  3295 | D:4      | Gained mutation: Armour fits poorly on your strangely shaped body. [mutagenic meat]
  3296 | D:4      | Gained mutation: You can spit weak poison. [mutagenic meat]
  3298 | D:4      | Gained mutation: You are partially covered in rugged brown scales (AC +1, +3% HP). [mutagenic meat]
  3368 | D:4      | Killed Eustachio
  3368 | D:4      | Reached skill level 5 in Stealth
  3461 | D:5      | Reached skill level 5 in Dodging
  3639 | D:5      | Gained mutation: You have razor-sharp teeth. [Vine Stalker growth]
  3639 | D:5      | Reached XP level 8. HP: 37/40 MP: 9/9
  3646 | D:5      | Found a staircase to the Ecumenical Temple.
  3656 | Temple   | Entered the Ecumenical Temple
  3912 | D:5      | Found Unnol's Antique Armour Shop.
  3990 | D:5      | Bought a crude ring mail for 189 gold pieces
  3992 | D:5      | Identified the +4 ring mail of the Spider Nest {rPois rF+ MR++ Int-3} (You bought it in a shop on level 5 of the Dungeon)
  4495 | D:5      | Killed sugabear's ghost
  4876 | D:6      | Reached skill level 6 in Stealth
  5218 | D:6      | Reached XP level 9. HP: 38/46 MP: 8/10
  5290 | D:6      | Found a sparkling altar of Nemelex Xobeh.
  5393 | D:6      | Reached skill level 7 in Stealth
  5632 | D:6      | Reached skill level 5 in Short Blades
  6110 | D:7      | Noticed Pikel
  6300 | D:7      | HP: 2/46 [poisoned by a killer bee]
  6304 | D:7      | Slain by a killer bee

Action                   |  1- 3 |  4- 6 |  7- 9 || total
-------------------------+-------+-------+-------++-------
Melee: Rapier            |    76 |    87 |   257 ||   420
       Short sword       |       |   124 |   312 ||   436
Throw: Throwing net      |       |     1 |       ||     1
  Use: Scroll            |       |     7 |     3 ||    10
       Potion            |       |       |     1 ||     1
 Stab: Sleeping          |     2 |     9 |     7 ||    18
       Held in net/web   |       |     1 |       ||     1
       Distracted        |       |     1 |       ||     1
  Eat: Chunk             |       |     2 |    14 ||    16
       Beef jerky        |       |     1 |       ||     1
       Meat ration       |       |     1 |       ||     1
